 Dungeon Crawl Stone Soup version 0.30-a0-373-gd37427bb62 (webtiles) character file.

Game seed: 15544076545277369235

133 ryw the Caller (level 4, -1/32 HPs)
             Began as a Demonspawn Summoner on Nov 24, 2022.
             Succumbed to a water moccasin's poison
             ... in a sewer.
             The game lasted 00:10:31 (2195 turns).

ryw the Caller (Demonspawn Summoner)                Turns: 2195, Time: 00:10:31

Health: -1/32      AC:  4    Str:  7 (8)  XL:     4   Next: 94%
Magic:  0/9        EV: 12    Int: 18 (19) God:
Gold:   57         SH:  0    Dex: 12 (13) Spells: 1/9 levels left

rFire   . . .      SeeInvis .    p - +3 quarterstaff (chaos)
rCold   . . .      Faith    .    (shield currently unavailable)
rNeg    . . .      Spirit   .    a - +0 robe
rPois   .          Reflect  .    e - +0 helmet
rElec   .          Harm     .    q - +0 cloak
rCorr   .          Rampage  .    (no gloves)
Will    .....                    (no boots)
Stlth   ++........               (no amulet)
HPRegen 0.25/turn                d - ring of wizardry
MPRegen 0.11/turn                (no ring)

@: lethally poisoned (-1 -> -32)
A: weakness stinger 2
a: no special abilities


You were in a sewer.
You visited 1 branch of the dungeon, and saw 3 of its levels.
You also visited: Sewer.

You collected 57 gold pieces.

Inventory:

Hand Weapons
 k - a +0 short sword
 p - a +3 quarterstaff of chaos (weapon)
Armour
 a - a +0 robe (worn)
 e - a +0 helmet (worn)
 q - a +0 cloak (worn)
Jewellery
 d - a ring of wizardry (left hand)
Wands
 o - a wand of flame (19)
Potions
 b - 2 potions of magic
 c - 4 potions of attraction
 f - a potion of haste
 m - a potion of resistance


   Skills:
 + Level 1.0 Fighting
 + Level 2.1 Dodging
 - Level 1.7 Stealth
 + Level 3.3 Spellcasting
 + Level 0.9 Hexes
 + Level 5.0 Summonings


You had one spell level left.
You knew the following spells:

 Your Spells              Type           Power      Damage    Failure   Level
a - Call Canine Familiar  Summ           21%        N/A       2%          3
b - Call Imp              Summ           21%        N/A       1%          2
c - Summon Guardian Gole  Hex/Summ       13%        N/A       6%          3

Your spell library contained the following spells:

 Spells                   Type           Power      Damage    Failure   Level
 Summon Small Mammal      Summ           84%        N/A       1%          1
 Freeze                   Ice            12%        1d3       6%          1
 Frozen Ramparts          Ice            6%         1d1       19%         3
 Hailstorm                Conj/Ice       3%         3d3       19%         3
 Summon Lightning Spire   Summ/Air       12%        N/A       22%         4


Dungeon Overview and Level Annotations

Branches:
Dungeon (3/15)              Sewer (1/1)

Altars:


Innate Abilities, Weirdness & Mutations

You have a tail ending in a sharp stinger.


Message History

The water moccasin bites your hound.
Your hound barely misses the water moccasin.
You swap places.
The water moccasin bites your hound.
Your hound is poisoned.
The water moccasin poisons your hound!
Your hound bites the water moccasin.
The water moccasin bites your hound.
Your hound dies!
Your hound's corpse disappears in a puff of smoke!
Your white imp barely misses the water moccasin.
Your white imp hits the water moccasin.
Your white imp freezes the water moccasin.
Casting: Call Canine Familiar (dangerous; 2% risk of failure)
Confirm with . or Enter, or press ? or * to list all spells.
The water moccasin bites you.
Your white imp barely misses the water moccasin.
The water moccasin bites you.
You are poisoned.
The water moccasin poisons you!
You hit the water moccasin.
The water moccasin is severely wounded.
You feel very sick.
Your hound bites the water moccasin.
The water moccasin bites you.
You are lethally poisoned!
The water moccasin poisons you!
Your white imp hits the water moccasin but does no damage.
Your hound barely misses the water moccasin.
It was a potion of degeneration.
There was something very wrong with that liquid.
You feel weakened.
You feel dopey.
You feel clumsy.
You feel very sick. The water moccasin bites you!
* * * LOW HITPOINT WARNING * * *
You are more poisoned.
The water moccasin poisons you!
Your hound bites the water moccasin.
Your white imp completely misses the water moccasin.
The water moccasin bites you but does no damage.
Okay, then.
Unknown command.
You hit the water moccasin.
You kill the water moccasin!
You die...

#...≈...#
##.....##
##...## ##.##
#.# #.# #.# #.#
#@# .
#######.####....
∩.....†5h.!.....
############....
.


You could see a friendly hound (summoned) and a friendly white imp (summoned).

Vanquished Creatures
  A water moccasin (Sewer)
  A giant cockroach (D:3)
  A goblin (D:3)
  A quokka (D:2)
  8 bats
  2 rats
14 creatures vanquished.

Vanquished Creatures (collateral kills)
  Crazy Yiuf (D:2)
  An adder (D:2)
  3 gnolls (D:2)
  A worm (D:2)
  2 dart slugs
  3 endoplasms
  3 giant cockroaches
  3 goblins
  2 hobgoblins (D:1)
  4 jackals (D:1)
  2 quokkas
  2 ball pythons (D:1)
  8 bats
  4 frilled lizards
  4 kobolds
  3 rats
46 creatures vanquished.

Grand Total: 60 creatures vanquished

Notes
Turn   | Place    | Note
-------+----------+-------------------------------------------
     0 | D:1      | ryw the Demonspawn Summoner began the quest for the Orb.
     0 | D:1      | Reached XP level 1. HP: 13/13 MP: 3/3
   230 | D:1      | Discovered your monstrous ancestry.
   230 | D:1      | Gained mutation: You have a small tail. [demonic ancestry]
   230 | D:1      | Reached XP level 2. HP: 18/19 MP: 1/5
   257 | D:1      | Learned a level 2 spell: Call Imp
   964 | D:1      | Gained mutation: You have a tail ending in a sharp stinger.
                  | [demonic ancestry]
   964 | D:1      | Reached XP level 3. HP: 23/24 MP: 4/7
  1061 | D:2      | Learned a level 3 spell: Call Canine Familiar
  1186 | D:2      | Reached XP level 4. HP: 30/30 MP: 1/8
  1248 | D:2      | Learned a level 3 spell: Summon Guardian Golem
  1517 | D:2      | Found a runed translucent door.
  1518 | D:2      | Noticed Crazy Yiuf
  1868 | D:2      | Killed Crazy Yiuf
  1869 | D:2      | Reached skill level 5 in Summonings
  2089 | D:3      | Found a glowing drain.
  2113 | Sewer    | Entered a sewer
  2175 | Sewer    | Reached skill level 1 in Fighting
  2177 | Sewer    | Noticed a water moccasin
  2195 | Sewer    | Killed a water moccasin
  2195 | Sewer    | Succumbed to a water moccasin's poison

Illustrated notes

Levels and vault maps discovered:
D:1:      ncdulo_watergridlock, layout_basic, st_stairs_5,
          minmay_misc_feat_roman
D:2:      layout_rooms, uniq_crazy_yiuf_cottage
D:3:      layout_basic, serial_shops, shop, portal_sewer_entry_c,
          chequers_serial_rivers_small_a, chequers_garden
Sewer:    sewer_big_baddie

Skill      XL: |  1  2  3  4 |
---------------+-------------+-----
Spellcasting   | 3 |  3.3
Dodging        | 2 |  2.1
Summonings     | 5 |  5.0
Fighting       | 1 |  1.0
Stealth        | |  1.7
Hexes          | |  0.9

Action                   |  1- 3 |  4- 6 || total
-------------------------+-------+-------++-------
Melee: Unarmed           |    44 |       ||    44
       Tailslap          |     5 |     3 ||     8
       Short sword       |    12 |    17 ||    29
       Quarterstaff      |       |    18 ||    18
 Cast: Summon Small Mamm |    25 |       ||    25
       Call Imp          |    13 |     8 ||    21
       Call Canine Famil |     3 |    11 ||    14
  Use: Scroll            |       |     7 ||     7
       Potion            |       |     1 ||     1
 Stab: Distracted        |     1 |       ||     1
       Sleeping          |       |     1 ||     1
Armor: Robe              |    33 |    11 ||    44
Dodge: Dodged            |    89 |    29 ||   118

Table legend: (Time is in decaauts)
 A = Elapsed time spent in this place.
 B = Non-inter-level travel time spent in this place.
 C = Inter-level travel time spent in this place.
 D = Time resting spent in this place.
 E = Time spent auto-exploring this place.
 F = Levels seen in this place.
 G = Mean time per level.
                   A        B        C        D        E       F      G
               +--------+--------+--------+--------+--------+-----+--------+
         Total |   2199 |   2131 |     68 |    259 |   1275 |   4 |  549.8 |
       Dungeon |   2114 |   2046 |     68 |    259 |   1233 |   3 |  704.7 |
         Sewer |     85 |     85 |      0 |      0 |     42 |   1 |   85.0 |
               +--------+--------+--------+--------+--------+-----+--------+

Top non-repeatable levels by time:
     D:1: 1042 daAuts
     D:2: 967 daAuts
     D:3: 104 daAuts
   Sewer: 85 daAuts
